AoeStats
← JuDasBiest

Four Lakes

503208373Analyzed
3v3 RM · 1mo ago on Aug 30, 2026· 79m 2s· 6 players
Game mode
Random Map
Map size
Normal (6 player)
Population
200
Speed
Normal
Resources
Standard
Victory
Conquest
Starting age
Dark Age
Ending age
Imperial Age
RankedLock teamsTeams togetherTeam positionsShared explorationLock speedFull tech treeHidden civsTurbo modeCheats
Victory
Defeat
🇸🇪 Ethiopians · Sweden
1333
+16
🇸🇪 Italians · Sweden
1308
+17
🇸🇪 Burgundians · Sweden
1253
+20
🇩🇪 Italians · Germany
1390
-20
🇩🇪 Jurchens · Germany
1390
-20
🇩🇪 Ethiopians · Germany
1233
-13
Iggyo
7:39 Loom
9:47 Feudal Age
10:19 Double-Bit Axe
16:49 Fishing Lines
18:12 Horse Collar
21:46 Castle Age
21:40 Fletching
21:51 Padded Archer Armor
21:46 Elite Skirmisher
23:00 Bow Saw
25:52 Gillnets
26:49 Heavy Plow
27:36 Bodkin Arrow
30:01 Gold Mining
30:02 Stone Mining
30:22 Thumb Ring
34:46 Imperial Age
34:47 Coinage
34:44 Ballistics
35:47 Bracer
37:04 Chemistry
35:55 Town Watch
37:03 Wheelbarrow
37:39 Elite Genoese Crossbowman
39:34 Leather Archer Armor
39:25 Scale Barding Armor
39:30 Forging
39:41 Hand Cart
40:33 Conscription
40:54 Masonry
40:40 Murder Holes
40:25 Treadmill Crane
41:57 Two-Man Saw
42:42 Ring Archer Armor
42:34 Chain Barding Armor
43:45 Stone Shaft Mining
43:42 Guilds
44:03 Banking
42:59 Pikeman
43:39 Squires
43:25 Arson
44:19 Iron Casting
43:45 Scale Mail Armor
44:37 Architecture
44:18 Fortified Wall
44:19 Clinker Construction
44:20 Careening
45:06 Hoardings
46:11 Pirotechnia
46:21 Silk Road
46:40 Plate Barding Armor
47:06 Blast Furnace
54:52 Chain Mail Armor
57:40 Plate Mail Armor
56:56 Light Cavalry
57:46 Bloodlines
57:36 Husbandry
59:26 Caravan
68:29 Hussar
lundh' ♛
8:10 Loom
9:11 Double-Bit Axe
11:10 Feudal Age
12:08 Bow Saw
20:17 Castle Age
19:09 Horse Collar
19:36 Scale Barding Armor
19:43 Forging
20:45 Cavalier
22:44 Chain Barding Armor
29:54 Iron Casting
30:59 Husbandry
31:15 Fletching
32:33 Two-Man Saw
39:25 Imperial Age
37:38 Ballistics
37:15 Murder Holes
37:31 Masonry
39:53 Wheelbarrow
39:43 Paladin
41:26 Plate Barding Armor
40:54 Fishing Lines
43:32 Blast Furnace
44:58 Chemistry
46:05 Light Cavalry
54:35 Gold Mining
54:37 Stone Mining
54:51 Heavy Plow
55:38 Caravan
55:21 Hussar
63:19 Bodkin Arrow
63:24 Padded Archer Armor
64:08 Elite Skirmisher
68:17 Bracer
68:34 Leather Archer Armor
69:27 Crop Rotation
79:07 Bombard Tower
Yaou
7:23 Loom
10:37 Feudal Age
11:17 Double-Bit Axe
13:22 Fletching
19:50 Castle Age
18:17 Padded Archer Armor
18:41 Fishing Lines
19:52 Crossbowman
20:28 Bodkin Arrow
23:23 Horse Collar
24:19 Squires
24:27 Padded Archer Armor
27:13 Ballistics
27:56 Gold Mining
30:56 Wheelbarrow
31:30 Leather Archer Armor
32:08 Thumb Ring
32:01 Stone Mining
32:24 Bow Saw
37:38 Imperial Age
36:09 Masonry
36:31 Heavy Plow
37:04 Hand Cart
38:08 Fortified Wall
37:38 Arbalester
38:19 Bracer
39:07 Conscription
39:25 Ring Archer Armor
39:42 Scale Mail Armor
39:52 Forging
39:50 Scale Barding Armor
39:50 Light Cavalry
40:30 Husbandry
41:41 Chemistry
42:30 Architecture
44:23 Chain Barding Armor
47:18 Murder Holes
51:27 Hussar
52:47 Iron Casting
58:15 Two-Man Saw
59:58 Blast Furnace
65:04 Coinage
67:35 Banking
68:51 Capped Ram
70:06 Siege Ram
Mr.Massaka
8:36 Loom
10:22 Feudal Age
13:05 Double-Bit Axe
17:14 Castle Age
15:32 Fishing Lines
17:46 Fletching
17:20 Crossbowman
19:05 Bodkin Arrow
19:39 Padded Archer Armor
22:31 Wheelbarrow
22:13 Thumb Ring
22:45 Town Watch
23:59 Ballistics
25:52 Gillnets
27:25 Leather Archer Armor
27:32 Bow Saw
29:58 Town Patrol
30:14 Hand Cart
33:00 Gold Mining
32:51 Horse Collar
37:58 Imperial Age
38:41 Bracer
38:05 Arbalester
39:47 Chemistry
39:58 Ring Archer Armor
39:07 Elite Skirmisher
40:24 Conscription
43:50 Elite Genoese Crossbowman
54:42 Caravan
60:29 Guilds
61:06 Silk Road
JuDasBiest
8:00 Loom
11:04 Feudal Age
19:36 Double-Bit Axe
25:21 Castle Age
24:09 Gold Mining
24:18 Fletching
24:29 Padded Archer Armor
25:29 Crossbowman
26:09 Bodkin Arrow
27:48 Wheelbarrow
29:27 Bow Saw
32:55 Ballistics
34:16 Leather Archer Armor
35:02 Thumb Ring
42:50 Imperial Age
43:05 Arbalester
43:48 Bracer
57:06 Elite Skirmisher
65:54 Forging
65:45 Scale Mail Armor
ninive
9:49 Feudal Age
8:05 Loom
10:48 Double-Bit Axe
12:36 Horse Collar
21:50 Castle Age
20:13 Forging
21:43 Wheelbarrow
21:01 Gold Mining
21:52 Scale Barding Armor
22:04 Bloodlines
21:52 Light Cavalry
25:06 Heavy Plow
26:39 Iron Casting
30:47 Chain Barding Armor
34:14 Hand Cart
34:32 Husbandry
37:00 Town Watch
40:54 Imperial Age
41:04 Elite Steppe Lancer
42:49 Blast Furnace
43:55 Plate Barding Armor
43:58 Bow Saw
45:29 Conscription
50:28 Elite Iron Pagoda
51:33 Fletching
52:01 Fortified Bastions
55:00 Stone Mining
56:53 Siege Engineers
56:58 Masonry
57:50 Chemistry
56:32 Treadmill Crane
58:27 Bodkin Arrow
58:32 Padded Archer Armor
57:54 Elite Skirmisher
58:27 Hussar
73:47 Heavy Rocket Cart
Connection lost

Rejoining the realm…

Still unreachable

The connection could not be restored.

Session expired

The server has moved on; the page needs a fresh start.